[Event "Late-Titled-Tuesday-Blitz-May-28-2024"]
[Site "Chess.com"]
[Date "2024.05.28"]
[Round "4"]
[White "manitodeplomo"]
[Black "norwaytoadog"]
[Result "1-0"]
[WhiteElo "2516"]
[BlackElo "2305"]
[TimeControl "180+1"]
[EndTime "14:38:39 PDT"]
[Termination "manitodeplomo won on time"]

1. d4 Nf6 2. c4 e6 3. Nf3 Bb4+ 4. Bd2 c5 5. Bxb4 cxb4 6. Qd3 O-O 7. Nbd2 a5 8. e4 d6 9. Be2 b6 10. O-O Bb7 11. Rfe1 Qe7 12. h3 e5 13. Bd1 a4 14. a3 b3 15. Be2 Ba6 16. Bf1 Nbd7 17. Qc3 Rfc8 18. Qb4 Bb7 19. Re3 Nh5 20. Rae1 Ra5 21.
Nb1 Qf6 22. dxe5 dxe5 23. Nc3 Nc5 24. Nd5 Bxd5 25. cxd5 Na6 26. Bxa6 Rxa6 27. Rc3 Raa8 28. Rec1 Rxc3 29. Qxc3 h6 30. Qxe5 Qg6 31. Rc6 f6 32. Qf5 Qxf5 33. exf5 Nf4 34. d6 Rd8 35. Nd4 Kf7 36.
Rc7+ Kg8 37. d7 1-0

[Event "Late-Titled-Tuesday-Blitz-May-28-2024"]
[Site "Chess.com"]
[Date "2024.05.28"]
[Round "4"]
[White "tactic"]
[Black "KorolDimitriy75"]
[Result "0-1"]
[WhiteElo "2570"]
[BlackElo "2410"]
[TimeControl "180+1"]
[EndTime "14:38:41 PDT"]
[Termination "KorolDimitriy75 won by checkmate"]

1. e4 c5 2. c3 d5 3. exd5 Qxd5 4. Nf3 Nc6 5. Na3 Nf6 6. Bc4 Qd8 7. d4 cxd4 8. Nb5 a6 9. Nbxd4 Nxd4 10. Nxd4 e6 11.
O-O Be7 12. a4 O-O 13. Bf4 Nd5 14. Bg3 Bd6 15. Qf3 Bxg3 16. hxg3 Nf6 17. Rad1 Qc7 18. Bd3 Bd7 19. Bc2 b5 20. axb5 axb5 21. Ra1 Rab8 22. g4 h6 23. Ra6 b4 24. Rfa1 bxc3 25. bxc3 Rfc8 26. R1a3 Qc5 27. Ra7 Be8 28. Qe2 Qg5 29.
f3 Qc1+ 30. Kh2 Qf4+ 31. g3 Qg5 32. R3a5 Qc1 33. Ra1 Qg5 34. c4 Qc5 35. Nxe6 fxe6 36. Qxe6+ Kh8 37. Kh3 Qxc4 38. Qe7 Bd7 39. Bg6 Bxg4+ 40.
fxg4 Qxg4+ 41. Kh2 Rb2+ 42. Bc2 Rcxc2+ 43. Kg1 Qxg3+ 44. Kf1 Qf2# 0-1

[Event "Late-Titled-Tuesday-Blitz-May-28-2024"]
[Site "Chess.com"]
[Date "2024.05.28"]
[Round "4"]
[White "IngOscarArdila"]
[Black "SharathRk6"]
[Result "0-1"]
[WhiteElo "2287"]
[BlackElo "2537"]
[TimeControl "180+1"]
[EndTime "14:38:42 PDT"]
[Termination "SharathRk6 won by resignation"]

1. d4 Nf6 2. Nf3 d5 3. c3 e6 4. Nbd2 c5 5. e3 Nc6 6. Bb5 Bd7 7. O-O Bd6 8. Bxc6 Bxc6 9. Re1 O-O 10. b3 Rc8 11.
Bb2 b6 12. Rc1 Bb7 13. c4 Ne4 14. Nxe4 dxe4 15. Nd2 Bb8 16. Qg4 f5 17. Qh3 cxd4 18. Bxd4 e5 19. Bc3 Qd3 20. Nf1 Rcd8 21. Qg3 f4 22.
Qg5 h6 23. Qh5 Kh7 24. Red1 g6 25.
Rxd3 gxh5 26. Rxd8 Rxd8 27. Nd2 Kg6 28. Kf1 Kf5 29. Ke2 Rg8 30. g3 f3+ 31. Ke1 Kg4 32.
Kf1 h4 33. b4 h5 34. Nb3 Kh3 35. Kg1 hxg3 36. fxg3 h4 37. Be1 Bd6 38. c5 hxg3 39. Bxg3 Be7 40. Kf2 bxc5 41. Nxc5 Bd5 42. Rd1 Rd8 43.
Bxe5 a5 44. a3 axb4 45. axb4 Bh4+ 46. Bg3 Bg5 47. Nxe4 Bxe4 48. Rxd8 Bxd8 49. b5 Bh4 50. b6 Bxg3+ 51. hxg3 Kg4 0-1

[Event "Late-Titled-Tuesday-Blitz-May-28-2024"]
[Site "Chess.com"]
[Date "2024.05.28"]
[Round "4"]
[White "Alina_Gumerovna"]
[Black "Roedor"]
[Result "1-0"]
[WhiteElo "2185"]
[BlackElo "2340"]
[TimeControl "180+1"]
[EndTime "14:38:42 PDT"]
[Termination "Alina_Gumerovna won by checkmate"]

1. e4 e5 2. Nf3 Nc6 3. Bb5 Nf6 4.
O-O Nxe4 5. Re1 Nd6 6. d4 e4 7. Bxc6 dxc6 8. Ng5 Be7 9. Nxe4 Nxe4 10. Rxe4 O-O 11. c3 Bf5 12. Re1 Bd6 13. Nd2 Qf6 14. Nf1 Rfe8 15. Be3 h6 16. Ng3 Bg6 17. Qd2 a5 18. a4 b6 19. Rac1 Rad8 20. Qe2 Qh4 21. Qf3 Be4 22. Nxe4 Bxh2+ 23. Kf1 Rxe4 24. g3 Bxg3 25.
Qxg3 Qf6 26. Ke2 Rde8 27. Kd2 Qe6 28. Rg1 g6 29. Rh1 Qb3 30. Rxh6 Kg7 31. Qh3 R8e6 32. Rh7+ Kf8 33. Rh8+ Ke7 34. Bg5+ f6 35. Qh7+ Kd6 36. Rd8# 1-0

[Event "Late-Titled-Tuesday-Blitz-May-28-2024"]
[Site "Chess.com"]
[Date "2024.05.28"]
[Round "4"]
[White "KirAk47"]
[Black "ckgchess"]
[Result "0-1"]
[WhiteElo "2562"]
[BlackElo "2871"]
[TimeControl "180+1"]
[EndTime "14:38:43 PDT"]
[Termination "ckgchess won by resignation"]

1. e4 c5 2. Nf3 d6 3. Bb5+ Nd7 4.
O-O a6 5. Bxd7+ Bxd7 6. c3 Nf6 7. Re1 e6 8. d4 Be7 9. dxc5 dxc5 10. e5 Nd5 11. c4 Nb6 12. Qe2 Bc6 13. b3 Nd7 14. Nc3 Qc7 15. Bf4 g5 16. Nxg5 Rg8 17. Qh5 O-O-O 18.
Nce4 Rg7 19. Nxf7 Bxe4 20. Rxe4 Rf8 21. Ng5 Qc6 22. Rae1 Rxf4 23. Rxf4 Rxg5 24. Qe8+ Bd8 25. f3 Nxe5 26. Qxc6+ Nxc6 27. Rxe6 Nd4 28. Re8 Kd7 29. Rh8 Ne2+ 30. Kf2 Nxf4 31. Rxh7+ Be7 32. g3 Nd3+ 33. Ke3 Nc1 34. f4 Rg8 35. f5 Kd6 36. Rh6+ Kd7 37.
Rh7 Kd8 38. Kf4 Nd3+ 39. Ke4 Nf2+ 40. Kd5 Rf8 41. Ke5 Ng4+ 42. Kf4 Nf6 43. Rg7 Nh5+ 0-1

[Event "Late-Titled-Tuesday-Blitz-May-28-2024"]
[Site "Chess.com"]
[Date "2024.05.28"]
[Round "4"]
[White "komogro"]
[Black "GMTalks_Youtube"]
[Result "1-0"]
[WhiteElo "2570"]
[BlackElo "2770"]
[TimeControl "180+1"]
[EndTime "14:38:43 PDT"]
[Termination "komogro won on time"]

1. Nf3 d5 2. g3 g6 3. Bg2 Bg7 4.
O-O e5 5. d3 Nc6 6. Nbd2 Nge7 7. c3 a5 8. e4 O-O 9. a4 h6 10. Re1 Re8 11. exd5 Nxd5 12. Nc4 Bf5 13. Nh4 Be6 14. Qb3 Rb8 15. Qc2 g5 16. Nf3 Bf5 17. Nfd2 Bg6 18. Ne4 f5 19. Nc5 b6 20. Nb3 Qd7 21.
Bd2 Rbd8 22. Rad1 Nde7 23. Bc1 Kh7 24. Ne3 g4 25. Nc4 Nd5 26. Na3 Nf6 27. Nb5 Re7 28. Nd2 Rde8 29. Nc4 Nd5 30. Qe2 Nf6 31. Qf1 Re6 32.
h3 h5 33. h4 Nd5 34. Bg5 f4 35. Be4 Rf8 36. Qe2 f3 37. Qc2 Nde7 38. Ne3 Qe8 39. Qb3 Qf7 40. Nd5 Bxe4 41. dxe4 Ng6 42. Nbxc7 Rd6 43.
Qxb6 Bh6 44. Qc5 Bxg5 45. Qxd6 Bxh4 46. Qxc6 Nf4 47. Nxf4 exf4 48. Rd7 Be7 49. Nd5 fxg3 50. Rxe7 gxf2+ 51. Kxf2 g3+ 52. Kxg3 1-0

[Event "Late-Titled-Tuesday-Blitz-May-28-2024"]
[Site "Chess.com"]
[Date "2024.05.28"]
[Round "4"]
[White "Itay121"]
[Black "glucolisis04"]
[Result "1-0"]
[WhiteElo "2538"]
[BlackElo "2270"]
[TimeControl "180+1"]
[EndTime "14:38:44 PDT"]
[Termination "Itay121 won by checkmate"]

1. Nc3 d5 2. e4 d4 3. Nce2 c5 4.
d3 Nc6 5. f4 Nf6 6. Nf3 e6 7.
g3 Be7 8. Bg2 O-O 9. O-O b5 10. h3 Bd7 11. g4 a5 12. Ng3 Qc7 13. g5 Ne8 14. h4 c4 15. h5 Rc8 16.
h6 g6 17. Qe1 Nb4 18. Qe2 cxd3 19. cxd3 Qc2 20. Nxd4 Bc5 21. Be3 Qxe2 22. Ngxe2 Nxd3 23. Rf3 Nxb2 24. f5 Nc4 25. Bf2 exf5 26. exf5 Nd2 27. Rd3 Nc4 28. fxg6 hxg6 29. Nb3 Bxf2+ 30. Kxf2 Bf5 31. Rd5 Ned6 32. Nbd4 Bd7 33. Rd1 Bc6 34. Nxc6 Rxc6 35. Nd4 Rcc8 36. Nxb5 Nxb5 37. Rxb5 Nb2 38. Rxb2 Rfe8 39. Rb7 Rc3 40. Re1 Rc2+ 41. Kf1 Rxe1+ 42.
Kxe1 Rxg2 43. Rb5 Rg1+ 44. Kf2 Rh1 45. Rxa5 Rh2+ 46. Kg3 Rh5 47. Kg4 f5+ 48. Kf4 Kh7 49.
Ra7+ Kg8 50. Rg7+ Kh8 51. Rxg6 Rh4+ 52. Kxf5 Ra4 53. Rf6 Rxa2 54. Kg6 Ra7 55. Rf8# 1-0

[Event "Late-Titled-Tuesday-Blitz-May-28-2024"]
[Site "Chess.com"]
[Date "2024.05.28"]
[Round "4"]
[White "Rodalquilar"]
[Black "amintabatabaei"]
[Result "0-1"]
[WhiteElo "2807"]
[BlackElo "3048"]
[TimeControl "180+1"]
[EndTime "14:38:45 PDT"]
[Termination "amintabatabaei won on time"]

1. d4 f5 2. Nf3 Nf6 3. g3 g6 4. Bg2 Bg7 5. O-O O-O 6. Nbd2 Nc6 7. Re1 Ne4 8. d5 Nxd2 9. Bxd2 Ne5 10. Nxe5 Bxe5 11.
e4 f4 12. gxf4 Bxf4 13. Bxf4 Rxf4 14. e5 Qf8 15. Qd2 d6 16. e6 c5 17. c3 b5 18.
Re3 Bb7 19. Rae1 Qf6 20. Re4 Rf5 21. Rg4 Rf8 22. Re2 a5 23. Be4 Re5 24. f4 Rxe4 25. Rxe4 Qf5 26. Qe2 Qxd5 27. Re3 Qh1+ 28. Kf2 Qxh2+ 29.
Ke1 Qxe2+ 30. Kxe2 Kg7 31. Rh3 Bd5 32. Rgh4 h5 33.
Rg3 Kh6 34. Re3 Bxa2 35. Kf3 Bd5+ 36. Kg3 a4 37. Rh2 Rf6 38. Rhe2 Kg7 39. Rd2 Rf5 40.
Rde2 Kf6 41. Re1 Bc4 42. Kf3 Rd5 43. Kg3 Rd2 44. f5 g5 45. Rh1 h4+ 46. Kg4 Be2+ 47. Rxe2 Rxe2 48. Rf1 Rxb2 49. Kh5 a3 50. Kh6 a2 51.
Ra1 h3 52. Kh7 h2 53. Kg8 g4 54. Kh7 g3 0-1

[Event "Late-Titled-Tuesday-Blitz-May-28-2024"]
[Site "Chess.com"]
[Date "2024.05.28"]
[Round "4"]
[White "RespectfulDaveOnYouTube"]
[Black "djjohnnywoo"]
[Result "1-0"]
[WhiteElo "2480"]
[BlackElo "2138"]
[TimeControl "180+1"]
[EndTime "14:38:46 PDT"]
[Termination "RespectfulDaveOnYouTube won by checkmate"]

1. e4 g6 2. d4 Bg7 3. f4 d6 4. Nf3 c6 5. Be3 Bg4 6. Nbd2 Nd7 7. c3 Qb6 8. Qc2 e5 9. Nc4 Qc7 10. dxe5 dxe5 11. O-O-O Ne7 12. Nd6+ Kf8 13. Bc4 Bxf3 14. gxf3 exf4 15. Bxf4 Be5 16. Bh6+ Bg7 17. Nxf7 Bxh6+ 18. Nxh6 Qf4+ 19. Kb1 Ne5 20. Be2 Qxh6 21. f4 Nf7 22. e5 Qh3 23. Qb3 Rb8 24. e6 Nd8 25. Bc4 Qf5+ 26. Ka1 b5 27. Rhe1 Kg7 28. Bd3 Qf6 29.
Be4 c5 30. Rd6 c4 31. Qa3 Nb7 32. Rd7 Qxe6 33. Rxe7+ Qxe7 34. Qxe7+ Kh6 35. Re3 Kh5 36. Rh3+ Kg4 37. Qh4# 1-0

[Event "Late-Titled-Tuesday-Blitz-May-28-2024"]
[Site "Chess.com"]
[Date "2024.05.28"]
[Round "4"]
[White "Beaterawn"]
[Black "DirtyKabab"]
[Result "0-1"]
[WhiteElo "2369"]
[BlackElo "2565"]
[TimeControl "180+1"]
[EndTime "14:38:47 PDT"]
[Termination "DirtyKabab won by checkmate"]

1. e4 e6 2. d4 d5 3. Nc3 Nf6 4. Bg5 Be7 5. e5 Nfd7 6. Bxe7 Qxe7 7. f4 a6 8. Nf3 c5 9. Bd3 Nc6 10. a3 b5 11. O-O g6 12. Kh1 Bb7 13. dxc5 Nxc5 14. b4 Nd7 15. Ne2 Nb6 16. Ned4 Nxd4 17. Nxd4 Nc4 18. Qe2 O-O 19. Rae1 Nxa3 20. Rf3 Nc4 21. Rh3 a5 22. f5 exf5 23. Nxf5 Qxb4 24. e6 Nd6 25. Nh6+ Kg7 26. Qe5+ f6 27. Nf5+ Nxf5 28. Qc7+ Qe7 29. Qf4 h5 30. Bxf5 g5 31. Qf3 Rh8 32.
Rxh5 d4 33. Rxh8 Rxh8 34. Qd3 Qd6 35. e7 Qxh2# 0-1

[Event "Late-Titled-Tuesday-Blitz-May-28-2024"]
[Site "Chess.com"]
[Date "2024.05.28"]
[Round "4"]
[White "MrEscacs"]
[Black "atalz0"]
[Result "1/2-1/2"]
[WhiteElo "2194"]
[BlackElo "2493"]
[TimeControl "180+1"]
[EndTime "14:38:47 PDT"]
[Termination "Game drawn by repetition"]

1. e4 d5 2. exd5 Nf6 3. Nc3 Nxd5 4. Nf3 Bg4 5. Be2 Nf4 6. O-O Nxe2+ 7. Qxe2 Nc6 8. Qe4 Qd7 9. Ne5 Nxe5 10. Qxe5 f6 11.
Qg3 O-O-O 12. d3 e5 13. Be3 a6 14. h3 Be6 15. Rfd1 Bd6 16. Ne4 h5 17. Nxd6+ Qxd6 18. d4 exd4 19. Qxd6 Rxd6 20. Rxd4 Rxd4 21. Bxd4 Rd8 22.
Be3 Bf5 23. Rc1 b5 24. Kf1 Kb7 25. Ke2 Be4 26. f3 Bd5 27. b3 Be6 28. Rd1 Rxd1 29. Kxd1 Kc6 30. Ke2 Kd5 31. c3 Bf5 32. g4 Bg6 33. Kd2 hxg4 34. hxg4 c5 35. Bf2 Bb1 36. a3 a5 37. Bg3 Ba2 38. Kc2 a4 39. bxa4 bxa4 40. Bc7 Bc4 41. Kd2 Kc6 42. Bd8 Kd7 43. Bb6 Kc6 44. Bd8 Kd7 45. Bb6 Kc6 46. Bd8 1/2-1/2

[Event "Late-Titled-Tuesday-Blitz-May-28-2024"]
[Site "Chess.com"]
[Date "2024.05.28"]
[Round "4"]
[White "protectiago"]
[Black "Engima32"]
[Result "0-1"]
[WhiteElo "2130"]
[BlackElo "2472"]
[TimeControl "180+1"]
[EndTime "14:38:52 PDT"]
[Termination "Engima32 won by resignation"]

1. d4 Nf6 2. c4 g6 3. Nc3 Bg7 4. e4 d6 5. Nf3 O-O 6. Be2 e5 7. Be3 Ng4 8. Bg5 f6 9. Bh4 g5 10. Bg3 Nc6 11. h3 Nh6 12. dxe5 dxe5 13. Qxd8 Rxd8 14.
Nd5 Rd7 15. b4 Nf7 16. Rd1 Ne7 17. c5 c6 18. Nxe7+ Rxe7 19. Bc4 Kf8 20. O-O a5 21. a3 Be6 22. Bxe6 Rxe6 23. Rd7 Re7 24. Rfd1 Ke8 25.
R7d2 Rd8 26. Nh2 Red7 27. Rxd7 Rxd7 28. Rxd7 Kxd7 29. Nf1 axb4 30. axb4 Bf8 31. Ne3 Nd8 32. Nf5 Ne6 33. f3 h5 34. Bf2 h4 35. Kf1 Nc7 36. Ke2 Na6 37. Be1 b6 38. cxb6 Bxb4 39. Bxb4 Nxb4 40.
b7 Kc7 41. Nd6 c5 42. Ne8+ Kxb7 43. Nxf6 c4 44. Kd2 Nd3 45. Kc3 Nf4 46. Kxc4 Kc6 47.
Nh7 Nxg2 48. Nxg5 Ne1 49. Kc3 Kd6 50. Kd2 Ng2 51. Ke2 Nf4+ 52. Ke3 Ke7 53. Kd2 Kf6 54.
Nh7+ Kg6 55. Nf8+ Kf7 56. Nd7 Ke6 57. Nc5+ Kd6 58. Nd3 Nxh3 59. Nxe5 Kxe5 60. Ke3 Nf4 61. Kf2 Ne6 62. Kg2 Ng5 63. f4+ Kxf4 64. e5 Kxe5 65.
Kh2 Kf4 0-1

[Event "Late-Titled-Tuesday-Blitz-May-28-2024"]
[Site "Chess.com"]
[Date "2024.05.28"]
[Round "4"]
[White "kemelgallo"]
[Black "RaugintaBulba"]
[Result "1-0"]
[WhiteElo "2693"]
[BlackElo "2429"]
[TimeControl "180+1"]
[EndTime "14:38:53 PDT"]
[Termination "kemelgallo won by resignation"]

1. e4 c5 2. Nf3 e6 3. d4 cxd4 4. Bg5 f6 5. Bh4 Qb6 6. Nbd2 e5 7. Bc4 Ne7 8. O-O Ng6 9. Bg3 Nc6 10. a3 Qxb2 11.
Bb3 Na5 12. Bd5 Bd6 13. h4 Ne7 14. Nc4 Nxc4 15. Bxc4 a6 16. Nd2 b5 17. Bb3 Qc3 18. a4 Bb7 19. axb5 axb5 20. Rxa8+ Bxa8 21. Qe2 Bc6 22. h5 Nc8 23. Bh4 Nb6 24. h6 g6 25. Bxf6 Rf8 26.
Bg7 Rf4 27. g3 Rf8 28. Bxf8 Bxf8 29. Nf3 d6 30. Ng5 Bxh6 31. Nxh7 Nc4 32. Nf6+ Ke7 33. Nd5+ Bxd5 34. exd5 Nd2 35. Rd1 Nf3+ 36. Kg2 Ng5 37. Rh1 Bg7 38. f4 Nf7 39. Rh7 Kf8 40. fxe5 Nxe5 41.
Rh1 Kg8 42. Rf1 Qc5 43. Qe4 Qc3 44. Rf2 Qe1 45. Qxe1 Ng4 46. Qe6+ Kh7 47. Qxg4 1-0

[Event "Late-Titled-Tuesday-Blitz-May-28-2024"]
[Site "Chess.com"]
[Date "2024.05.28"]
[Round "4"]
[White "OIAM03"]
[Black "sammartin99"]
[Result "0-1"]
[WhiteElo "2034"]
[BlackElo "2299"]
[TimeControl "180+1"]
[EndTime "14:38:53 PDT"]
[Termination "sammartin99 won on time"]

1. e4 e6 2. d4 d5 3. Nd2 dxe4 4.
Nxe4 Nd7 5. Bd3 Ngf6 6. Nf3 c5 7. dxc5 Nxc5 8. Nxf6+ Qxf6 9. O-O h6 10. Be3 a6 11.
Bd4 Qd8 12. Re1 Bd7 13. c3 Bc6 14. Ne5 Bd5 15. c4 Bc6 16. Nxc6 bxc6 17. Bxc5 Bxc5 18. Be4 Qb6 19. Qf3 O-O 20. Bxc6 Bxf2+ 21. Qxf2 Qxc6 22. b3 a5 23. Rad1 a4 24. Rd3 axb3 25. axb3 Rab8 26.
Rg3 Qc7 27. Qd4 f6 28. Rxe6 Rbd8 29. Qa1 Ra8 30. Qe1 Qc5+ 31. Kh1 Qd4 32. Re7 Rf7 33. Re8+ Rxe8 34. Qxe8+ Kh7 0-1

[Event "Late-Titled-Tuesday-Blitz-May-28-2024"]
[Site "Chess.com"]
[Date "2024.05.28"]
[Round "4"]
[White "katharinareinecke"]
[Black "Navyblue1"]
[Result "1-0"]
[WhiteElo "1949"]
[BlackElo "2222"]
[TimeControl "180+1"]
[EndTime "14:38:54 PDT"]
[Termination "katharinareinecke won on time"]

1. d4 Nf6 2. Nf3 g6 3. g3 Bg7 4. Bg2 O-O 5. O-O d6 6. c4 c6 7. Nc3 Qb6 8. a3 Qa6 9. Nd2 e5 10. dxe5 dxe5 11. b4 Be6 12. c5 Nd5 13. Bb2 Nxc3 14.
Bxc3 b6 15. cxb6 Qxb6 16. Ne4 Rd8 17. Qc2 Na6 18. Rfd1 Bd5 19. Qb2 Re8 20. Nd6 Re6 21. e4 Rxd6 22. exd5 cxd5 23. Rxd5 Rad8 24. Rad1 Rxd5 25.
Rxd5 Rxd5 26. Bxd5 Qd6 27. Bf3 Nc7 28. Qd2 Qxd2 29.
Bxd2 Nb5 30. a4 Nd6 31. Be3 e4 32. Be2 Bc3 33. b5 Nc8 34. Bc4 Kf8 35. Bd5 f5 36. g4 fxg4 37. Bxe4 Ba5 38. Kg2 Bb6 39. Bf4 Kf7 40.
Kg3 h5 41. Bb7 Ne7 42. Bb8 Nf5+ 43. Kg2 Nd4 44. Ba6 1-0

[Event "Late-Titled-Tuesday-Blitz-May-28-2024"]
[Site "Chess.com"]
[Date "2024.05.28"]
[Round "4"]
[White "jup1978"]
[Black "Bykov_Egor"]
[Result "1-0"]
[WhiteElo "2434"]
[BlackElo "2632"]
[TimeControl "180+1"]
[EndTime "14:38:56 PDT"]
[Termination "jup1978 won by resignation"]

1. d4 Nf6 2. Nf3 g6 3. g3 Bg7 4. Bg2 d5 5. O-O O-O 6. b3 Bf5 7. Bb2 c6 8. Nbd2 Ne4 9. Nh4 Nxd2 10. Qxd2 Bg4 11. e4 dxe4 12. Bxe4 e5 13. d5 f5 14. Bg2 g5 15. Nf3 Bxf3 16. Bxf3 e4 17. Bxg7 Kxg7 18. Qc3+ Qf6 19. Qxf6+ Kxf6 20. dxc6 Nxc6 21.
Bg2 Nd4 22. c4 Rfd8 23. Rfd1 Nc2 24. Rac1 Nb4 25. a3 Nd3 26. Rb1 Rd4 27. g4 Rad8 28.
gxf5 Kxf5 29. Bf1 Ne5 30. Be2 Rd2 31. Kf1 Kf4 32. Rxd2 Rxd2 33. b4 Nf3 34. h3 Nd4 35. Rd1 e3 36. fxe3+ Kxe3 37. Rxd2 Kxd2 38. Bg4 h6 39. c5 Nc2 40. Bf3 Nxa3 41. Bxb7 Nb5 42. Bc6 Nc7 43. b5 Kc3 44. b6 axb6 45. cxb6 Na6 46.
Kf2 Nb8 47. Bg2 Kb4 48. Kg3 Kc5 49. b7 Kb6 50. Kg4 Kc7 51. Kh5 Nd7 52. Kxh6 g4 53. hxg4 Ne5 54. g5 Ng4+ 55. Kh7 Ne3 56. Be4 Ng4 57.
Bh1 Ne5 58. g6 Nxg6 59. Kxg6 Kb8 60. Kf7 Kc7 61. Ke6 Kb8 62. Kd7 Ka7 1-0

[Event "Late-Titled-Tuesday-Blitz-May-28-2024"]
[Site "Chess.com"]
[Date "2024.05.28"]
[Round "4"]
[White "Vladimir_Zakhartsov"]
[Black "Grischuk"]
[Result "0-1"]
[WhiteElo "2865"]
[BlackElo "3140"]
[TimeControl "180+1"]
[EndTime "14:38:58 PDT"]
[Termination "Grischuk won by checkmate"]

1. d4 e6 2. e4 d5 3. Nd2 c5 4. exd5 Qxd5 5. dxc5 Nf6 6. Nb3 Qxd1+ 7. Kxd1 Nbd7 8.
Bb5 a6 9. Ba4 Be7 10. h3 O-O 11. Be3 Ne4 12. c6 Ne5 13. cxb7 Bxb7 14. Na5 Bd5 15.
Bb3 Bb4 16. Bxd5 Rfd8 17. Nb3 Rxd5+ 18. Ke2 Nc4 19. c3 Be7 20. Rb1 a5 21. Kf3 f5 22.
a4 Rb8 23. Nxa5 Rxa5 24. Rd1 Nxe3 25. fxe3 Rxb2 26. Ne2 Rxa4 27. Rd7 Raa2 28. Re1 Kf7 29.
c4 Rd2 30. Rc7 Kf6 31. g4 g6 32. gxf5 gxf5 33. Rc8 Rac2 34. h4 h5 35. Rh8 Bb4 36. Rh6+ Ke5 37. Rxh5 Ra2 38. Rh6 Rdc2 39. Nd4 Rf2# 0-1

[Event "Late-Titled-Tuesday-Blitz-May-28-2024"]
[Site "Chess.com"]
[Date "2024.05.28"]
[Round "4"]
[White "Abund"]
[Black "hansen"]
[Result "0-1"]
[WhiteElo "2813"]
[BlackElo "3063"]
[TimeControl "180+1"]
[EndTime "14:38:58 PDT"]
[Termination "hansen won by resignation"]

1. e4 c5 2. Nf3 e6 3. c3 Nf6 4. e5 Nd5 5. g3 d6 6. exd6 Nc6 7. Bg2 Bxd6 8. O-O O-O 9. d4 h6 10. c4 Nf6 11. Nc3 a6 12. b3 Qa5 13.
Bd2 cxd4 14. Nb5 Qd8 15. Nbxd4 Nxd4 16. Nxd4 e5 17. Nc2 Bg4 18. Qc1 Qc7 19. Ne3 Be6 20. Bc3 Rac8 21. a4 a5 22. Qb2 b6 23. Kh1 Rfe8 24.
Rad1 Bd7 25. f4 exf4 26. Bxf6 fxe3 27. Bxg7 e2 28. Bxh6 exf1=Q+ 29. Rxf1 Be5 30. Qd2 Qd6 31. Qg5+ Qg6 32. Qh4 Bc6 33. Bg5 Bxg2+ 34. Kxg2 Rc6 35. Be3 Bg7 36. Rf3 Rce6 37. Qf4 Re4 38. Qc7 Rxe3 39. Rxe3 Rxe3 40. Qb8+ Bf8 41. Qf4 Qe4+ 0-1

[Event "Late-Titled-Tuesday-Blitz-May-28-2024"]
[Site "Chess.com"]
[Date "2024.05.28"]
[Round "4"]
[White "nindjaxx8"]
[Black "Kielinkei"]
[Result "1-0"]
[WhiteElo "2643"]
[BlackElo "2442"]
[TimeControl "180+1"]
[EndTime "14:38:58 PDT"]
[Termination "nindjaxx8 won by checkmate"]

1. d4 Nf6 2. c4 e6 3. Nc3 Bb4 4. Qc2 d5 5. cxd5 exd5 6. Nf3 O-O 7. Bg5 c6 8. e3 h6 9. Bh4 Be7 10. Bd3 Re8 11. O-O Ne4 12. Bxe4 dxe4 13. Qxe4 Nd7 14. Bxe7 Rxe7 15. Qc2 Nf6 16. h3 Be6 17. Rfe1 g6 18.
Rad1 Kg7 19. e4 Rd7 20. b3 Rc8 21. Rd2 g5 22. Red1 g4 23. hxg4 Bxg4 24. Qb2 Bxf3 25.
gxf3 Nh5 26. d5 Qg5+ 27. Kf1 Nf4 28. Ne2+ Kh7 29. Nxf4 Qxf4 30. Ke2 cxd5 31. Rxd5 Rdc7 32. R1d2 Rc3 33. R5d3 Rxd3 34. Rxd3 h5 35. Rd5 Re8 36. Rxh5+ Kg6 37. Rh3 f5 38. Rg3+ Kh5 39. Qb1 Qh4 40. Qc1 fxe4 41. Qc5+ Kh6 42. Qd6+ Kh7 43. Qg6+ Kh8 44.
Qg7# 1-0

[Event "Late-Titled-Tuesday-Blitz-May-28-2024"]
[Site "Chess.com"]
[Date "2024.05.28"]
[Round "4"]
[White "Tol_Tol"]
[Black "joksijoksi"]
[Result "0-1"]
[WhiteElo "2356"]
[BlackElo "2530"]
[TimeControl "180+1"]
[EndTime "14:38:59 PDT"]
[Termination "joksijoksi won on time"]

1. d4 d5 2. c4 c6 3. Nf3 Nf6 4. Nc3 dxc4 5. a4 Bf5 6. e3 e6 7.
Bxc4 Bb4 8. O-O O-O 9. Qb3 Qe7 10. Ne5 a5 11. Nd3 Bd6 12. f3 Bxd3 13. Bxd3 e5 14.
Ne4 Nxe4 15. fxe4 Nd7 16. Qxb7 Rab8 17. Qxc6 Rfc8 18. Qd5 Nf6 19. Qxa5 exd4 20. exd4 Rb3 21. Ba6 Bxh2+ 22. Kxh2 Ng4+ 23. Kg1 Qh4 24. Bf4 Rg3 25.
Bxg3 Qxg3 26. Qe5 Nxe5 27. Bxc8 Qe3+ 28. Kh1 Nd3 29. a5 Nf2+ 30. Rxf2 Qxf2 31. a6 Qh4+ 32. Kg1 Qxe4 33. Bb7 Qxd4+ 34. Kh1 Qa7 35. b4 h5 36. b5 Qd4 37. Rf1 Qc4 0-1

[Event "Late-Titled-Tuesday-Blitz-May-28-2024"]
[Site "Chess.com"]
[Date "2024.05.28"]
[Round "4"]
[White "zajka-molotok"]
[Black "Kostukov_Alex"]
[Result "0-1"]
[WhiteElo "2521"]
[BlackElo "2384"]
[TimeControl "180+1"]
[EndTime "14:39:01 PDT"]
[Termination "Kostukov_Alex won by resignation"]

1. e4 c5 2. c3 g6 3. d4 cxd4 4. cxd4 d5 5. e5 Bg7 6. Nc3 Nh6 7. Bf4 f6 8. Qd2 Nf7 9. exf6 exf6 10. Bb5+ Nc6 11.
Nge2 O-O 12. O-O Be6 13. Rfe1 Nd6 14. Nc1 Bf7 15. Nb3 a6 16. Bxc6 bxc6 17. Bxd6 Qxd6 18.
Nc5 Rfe8 19. b3 f5 20. g3 Qf6 21. Ne2 g5 22. Rad1 Kh8 23. f4 gxf4 24. Nxf4 Qxd4+ 25.
Qxd4 Rxe1+ 26. Kf2 Bxd4+ 27. Rxd4 Ra1 28. Ra4 Kg7 29.
Nxa6 d4 30. Nd3 Bxb3 31. axb3 Rxa4 32. bxa4 Rxa6 33. Nb4 Rb6 34. Nd3 Rb3 35. Ke2 Ra3 36. Nc5 Kf6 37. Kd2 Ke5 38. Nd3+ Ke4 39. Nc5+ Kd5 40.
Nd3 Rxa4 41. Nf4+ Ke4 42. Ne6 Ra2+ 43. Kd1 Ke3 44. Nf4 Ra1+ 45. Kc2 d3+ 46. Nxd3 Ra2+ 47.
Kb3 Kxd3 48. Kxa2 c5 49. Kb1 Kd2 0-1

[Event "Late-Titled-Tuesday-Blitz-May-28-2024"]
[Site "Chess.com"]
[Date "2024.05.28"]
[Round "4"]
[White "SoCalJuniorChess"]
[Black "Chess_Star1234"]
[Result "0-1"]
[WhiteElo "2228"]
[BlackElo "2434"]
[TimeControl "180+1"]
[EndTime "14:39:01 PDT"]
[Termination "Chess_Star1234 won by resignation"]

1. d4 d5 2. Nc3 Nf6 3. Bf4 c6 4.
e3 Bf5 5. f3 h5 6. Bd3 e6 7.
Bxf5 exf5 8. Qd3 g6 9. e4 fxe4 10. fxe4 Nxe4 11. Nxe4 dxe4 12. Qxe4+ Qe7 13. Qxe7+ Bxe7 14. O-O-O O-O 15. Nf3 Nd7 16. Rhe1 Rfe8 17. Ne5 Nb6 18. b3 Rad8 19. c4 Bf6 20. Kc2 Bg7 21. Kc3 Kf8 22. a4 Nd7 23. Nxd7+ Rxd7 24. Rxe8+ Kxe8 25. Re1+ Re7 26. Rxe7+ Kxe7 27. Bb8 a6 28. Kd3 Ke6 29.
Ke4 f5+ 30. Kd3 Bh6 31. b4 g5 32. b5 g4 33. bxa6 bxa6 34. Kc3 Bf8 35. Be5 Be7 36. Kd3 Bg5 37. Kc3 f4 38. Kd3 f3 39. gxf3 gxf3 40. Bg3 Kf5 41. d5 cxd5 42. cxd5 Kg4 43. Bf2 Kh3 44.
d6 Kg2 45. Be3 f2 46. Bxf2 Kxf2 47. Ke4 Kg2 48. Kf5 Bd8 49. h4 Kg3 50. Ke6 Kxh4 51. Kd7 Ba5 52. Kc6 Kg4 53. Kb7 h4 54. Kxa6 Bd8 55.
Kb7 h3 56. Kc8 Bf6 57. a5 h2 58. a6 h1=Q 59. a7 Qa8+ 0-1

[Event "Late-Titled-Tuesday-Blitz-May-28-2024"]
[Site "Chess.com"]
[Date "2024.05.28"]
[Round "4"]
[White "GP9isback23"]
[Black "Kirill_Klukin"]
[Result "0-1"]
[WhiteElo "2676"]
[BlackElo "2894"]
[TimeControl "180+1"]
[EndTime "14:39:02 PDT"]
[Termination "Kirill_Klukin won on time"]

1. d4 Nf6 2. Nf3 e6 3. c4 Nc6 4. e3 Bb4+ 5. Bd2 Qe7 6. Be2 Bxd2+ 7. Nbxd2 O-O 8. O-O d6 9. Rc1 e5 10. d5 Nb8 11. b4 a5 12. a3 axb4 13. axb4 Bf5 14.
Qb3 Nbd7 15. Nh4 Bg6 16. Nxg6 hxg6 17. Rfd1 Ra7 18. Ra1 Rfa8 19. Qb2 Qd8 20. Nb3 b6 21. Rxa7 Rxa7 22. c5 bxc5 23. bxc5 Qb8 24. Rb1 Nxc5 25. Qc2 Rb7 26. Bc4 Rb4 27. h3 Qb6 28. Kh2 Nfe4 29. Nxc5 Nxc5 30. Ra1 Qb8 31. Ra2 Nd7 32. Be2 Nc5 33.
Bc4 g5 34. Qe2 g6 35. Rc2 Kg7 36. g3 Qa7 37. Kg2 Qa3 38. Kh2 Qa4 39. Kg2 Qa5 40. Kh2 Qb6 41. Kg2 Na4 42. Kh2 Rb2 43. Bd3 Rxc2 44.
Qxc2 Nc5 45. Bc4 Qb4 46. Kg2 Nd7 47. Be2 Qc5 48. Qd1 Nf6 0-1